 Dungeon Crawl Stone Soup version 0.29-a0-542-g075992c915 (webtiles) character file.

Game seed: 16393024057202038822

23 Essalna the Ruffian (level 2, -3/23 (24) HPs)
             Began as a Draconian Transmuter on June 3, 2022.
             Slain by Crazy Yiuf
             ... wielding a +4 quarterstaff of chaos
              (14 damage)
             ... on level 2 of the Dungeon.
             The game lasted 00:01:30 (1044 turns).

Essalna the Ruffian (Draconian Transmuter)          Turns: 1044, Time: 00:01:30

HP:   -3/23 (24)    AC:  4    Str: 12    XL:     2   Next: 72%
MP:   4/5           EV: 12    Int: 13    God:
Gold: 110           SH:  0    Dex: 11    Spells: 4/5 levels left

rFire   . . .      SeeInvis .     - Unarmed
rCold   . . .      Faith    .   (no shield)
rNeg    . . .      Spirit   .   (body armour unavailable)
rPois   .          Reflect  .   (helmet currently unavailable)
rElec   .          Harm     .   (no cloak)
rCorr   .          Rampage  .   (no gloves)
Will    .....                   (boots currently unavailable)
Stlth   +.........              (no amulet)
HPRegen 0.07/turn               (no ring)
MPRegen 0.09/turn               (no ring)

@: appendages (expiring), lightly drained
A: horns 2, talons 2, AC +4, unfitting armour, cold-blooded
a: End Transformation


You were on level 2 of the Dungeon.
You had temporarily grown beastly horns and talons.
You visited 1 branch of the dungeon, and saw 2 of its levels.

You collected 110 gold pieces.

Inventory:

Magical Staves
 d - a staff of air
Scrolls
 b - a scroll of enchant weapon {unknown}
 e - 2 scrolls of blinking {unknown}
 g - 7 scrolls of identify {unknown}
Potions
 a - a potion of lignification
 c - a potion of curing {unknown}
 f - 3 potions of heal wounds {unknown}


   Skills:
 + Level 1.8 Fighting
 + Level 2.1 Dodging
 + Level 3.2 Unarmed Combat
 - Level 2.0 Spellcasting
 + Level 2.3 Transmutations


You had 4 spell levels left.
You knew the following spells:

 Your Spells              Type           Power      Damage    Failure   Level
a - Beastly Appendage     Tmut           14%        N/A       10%         1

Your spell library contained the following spells:

 Spells                   Type           Power      Damage    Failure   Level
 Wereblood                Tmut           7%         N/A       14%         2
 Shock                    Conj/Air       4%         1d3       26%         1
 Spider Form              Tmut/Pois      4%         N/A       43%         3
 Swiftness                Air            1%         N/A       58%         3
 Ice Form                 Ice/Tmut       4%         N/A       83%         4
 Airstrike                Air            0%         N/A       94%         4


Dungeon Overview and Level Annotations

Branches:
Dungeon (2/15)

Altars:

Annotations:
D:2 Crazy Yiuf, Sigmund


Innate Abilities, Weirdness & Mutations

You have temporarily grown beastly horns and talons.
Your plain brown scales are hard. (AC +4)
You cannot fit into any form of body armour.
You are cold-blooded and may be slowed by cold attacks.


Message History

You now have 106 gold pieces (gained 9).
g - 7 scrolls labelled BAUTIO HOMYN (gained 1)
Your horns disappear.
Your talons disappear.
You now have 110 gold pieces (gained 4).
Key pressed, stopping explore.
Found 13 stones.
Found a ring mail.
You see here 13 stones.
Found two maces.
Found a mace.
You see here a +0 mace.
Found a glowing mace, five maces and a transparent mace.
Found a runed translucent door.
You see here a +0 mace.
Found a mace.
Crazy Yiuf shouts!
Crazy Yiuf says, "Fire!"
You see here a +2 mace of protection.
You see here a +0 mace.
Found a glowing mace and two maces.
Crazy Yiuf screams, "Orb eyeball green!"
You see here a +0 mace.
You grow a pair of large bovine horns.
Your feet morph into talons.
Crazy Yiuf whimpers, "Tonal!
Liver testudinal hand."
You open the door. You hit Crazy Yiuf. Your headbutt misses Crazy Yiuf.
Crazy Yiuf is lightly wounded.
Crazy Yiuf grits, "Two!"
Crazy Yiuf hits you with a +4 quarterstaff of chaos!
You feel drained.
You hit Crazy Yiuf. You claw Crazy Yiuf.
Crazy Yiuf is heavily wounded.
Crazy Yiuf closely misses you.
You hit Crazy Yiuf but do no damage. You claw Crazy Yiuf.
You tail-slap Crazy Yiuf, but do no damage.
Crazy Yiuf is heavily wounded.
Your transformation is almost over.
Crazy Yiuf hits you with a +4 quarterstaff of chaos!
Ouch! That really hurt!
You die...

#....###.........#.
#....# #......)....
♣....♣ #..>.......#
♣♣..)♣ ##.......###
♣♣)♣♣ #......##
♣♣)♣ ##.###### ♣)♣♣
#.(....# ♣♣)♣
#......# ♣@♣♣
#..[...# #g#
#.###### ))) #.#
#)))# #.# #).)# #.#
##### #.# ###


You could see Crazy Yiuf.

Vanquished Creatures
  An adder (D:2)
  A dart slug (D:1)
  A bat (D:2)
  An endoplasm (D:1)
  A hobgoblin (D:1)
  A kobold (D:1)
  2 quokkas
  A ball python (D:2)
  A frilled lizard (D:1)
  2 rats (D:1)
12 creatures vanquished.

Notes
Turn   | Place    | Note
-------+----------+-------------------------------------------
     0 | D:1      | Essalna the Draconian Transmuter began the quest for the
                  | Orb.
     0 | D:1      | Reached XP level 1. HP: 16/16 MP: 3/3
   155 | D:1      | Found a faded altar of an unknown god.
   378 | D:1      | Reached XP level 2. HP: 23/23 MP: 3/5
   782 | D:2      | Noticed Sigmund
  1036 | D:2      | Found a runed translucent door.
  1037 | D:2      | Noticed Crazy Yiuf
  1044 | D:2      | Slain by Crazy Yiuf

Illustrated notes

Levels and vault maps discovered:
D:1:      minmay_arrival_doors, layout_rooms, ebering_ecumenical_altar_rust,
          chequers_serial_rivers_room_a, dreamdust_princess_bridge
D:2:      layout_rooms, uniq_jessica, uniq_sigmund, uniq_crazy_yiuf_cottage

Skill      XL: |  1 |
---------------+----+-----
Dodging        | 2 |  2.1
Fighting       | |  1.8
Unarmed Combat | |  3.2
Spellcasting   | |  2.0
Transmutations | |  2.3

Action                   || total
-------------------------++-------
Melee: Unarmed           ||    29
       Kick              ||    10
       Headbutt          ||     6
       Tailslap          ||     3
 Cast: Beastly Appendage ||    11
Armor: Skin              ||    13
Dodge: Dodged            ||    25

Table legend: (Time is in decaauts)
 A = Elapsed time spent in this place.
 B = Non-inter-level travel time spent in this place.
 C = Inter-level travel time spent in this place.
 D = Time resting spent in this place.
 E = Time spent auto-exploring this place.
 F = Levels seen in this place.
 G = Mean time per level.
                   A        B        C        D        E       F      G
               +--------+--------+--------+--------+--------+-----+--------+
         Total |   1042 |   1005 |     37 |    154 |    700 |   2 |  521.0 |
       Dungeon |   1042 |   1005 |     37 |    154 |    700 |   2 |  521.0 |
               +--------+--------+--------+--------+--------+-----+--------+

Top non-repeatable levels by time:
     D:1: 795 daAuts
     D:2: 246 daAuts
